 Dungeon Sprint DCSS version 0.27.1-1-g398f81649c (webtiles) character file.

Game seed: 15188147708449165263

6621 boopmooplesden the Severer (level 10, -3/103 HPs)
             Began as a Minotaur Fighter on Sept 15, 2021.
             Was a High Priest of Okawaru.
             Slain by a death cob (7 damage)
             ... in the Dungeon (Sprint VII: "The Pits").
             The game lasted 00:04:11 (1276 turns).

boopmooplesden the Severer (Minotaur Fighter)       Turns: 1276, Time: 00:04:12

Health: -3/103     AC: 26    Str: 23    XL:     10   Next: 72%
Magic:  8/10       EV: 10    Int:  5    God:    Okawaru [*****.]
Gold:   0          SH: 16    Dex: 11    Spells: 9/9 levels left

rFire    . . .     SeeInvis .   v - +1 broad axe (vorpal)
rCold    . . .     Faith    .   c - +0 kite shield
rNeg     . . .     Spirit   .   o - +2 plate armour
rPois    .         Reflect  .   (helmet restricted)
rElec    .         Harm     .   t - +0 cloak
rCorr    .         Rampage  .   (no gloves)
Will     .....     NoTele   +   y - +2 pair of boots {Fly}
Stlth    ..........             (no amulet)
HPRegen  0.27/turn              (no ring)
MPRegen  0.12/turn              (no ring)

@: heroic, flying, slowed, very slow
A: horns 2, retaliatory headbutt
a: Renounce Religion, Heroism, Finesse


You were in the Dungeon.
You worshipped Okawaru.
Okawaru was extremely pleased with you.
You visited 1 branch

Inventory:

Hand Weapons
 a - a +0 war axe
 n - a +2 hand axe
 p - a +2 hand axe of freezing
 q - a +4 war axe
 v - a +1 vorpal broad axe (weapon)
 w - the +11 plutonium sword {Contam Stlth-}
   (Okawaru gifted it to you in the Dungeon)

   It occasionally inflicts wild transmutation effects on those it strikes,
   inflicting malmutation or extra damage, or polymorphing them into a new form.
   Contam:    It causes magical contamination when unequipped.
   Stlth:     It makes you less stealthy.
Armour
 b - a +0 scale mail
 c - a +0 kite shield (worn)
 o - a +2 plate armour (worn)
 t - a +0 cloak (worn)
 u - a +0 pair of boots
 x - a +0 troll leather armour
 y - a +2 pair of boots of flying (worn)
Jewellery
 r - a +3 ring of protection
 s - a +3 ring of protection
Scrolls
 j - a scroll of blinking
 l - 5 scrolls of amnesia
 m - a scroll of summoning
Potions
 d - 3 potions of might
 e - 7 potions of curing
 f - 7 potions of heal wounds
 g - 2 potions of haste
 h - 4 potions of magic
 i - 4 potions of berserk rage
 k - 2 potions of invisibility


   Skills:
 + Level 14.2(19.2) Fighting
 + Level 16.8(21.8) Axes
 + Level 13.6(18.6) Armour
 + Level 3.7(8.7) Dodging
 + Level 15.1(20.1) Shields
 + Level 2.4 Invocations


You had 9 spell levels left.
You didn't know any spells.
Your spell library was empty.

Dungeon Overview and Level Annotations

Branches:
Dungeon (1/1)

Altars:
Ashenzari
Cheibriados
Dithmenos
Elyvilon
Fedhas
Gozag
Hepliaklqana
Kikubaaqudgha
Makhleb
Nemelex Xobeh
Okawaru
Qazlal
Ru
Sif Muna
Trog
Uskayaw
Vehumet
Wu Jian
Xom
Yredelemnul
Zin
The Shining One
Beogh
Jiyva
Lugonu


Innate Abilities, Weirdness & Mutations

You have a pair of horns on your head.
You reflexively headbutt those who attack you in melee.


Message History

The terrible wounds on your body vanish.
Your Shields skill increases to level 15!
An orc priest, a cyclops and a death cob come into view.
The orc priest shouts!
You slice the death cob!!
The death cob is moderately damaged.
You block the death cob's attack. The death cob hits you!
The death cob drains your vigour!
You feel yourself slow down.
The cyclops throws a large rock.
The large rock hits you!
You slash the death cob!
The death cob is heavily damaged.
You block the death cob's attack. The death cob hits you! x2
The death cob drains your vigour!
You feel as though you will be slow longer.
You slash the death cob! You headbutt the death cob!
The death cob is almost destroyed.
The death cob barely misses you. You block the death cob's attack.
The death cob hits you! The death cob drains your vigour!
You feel as though you will be slow longer.
You gain the combat prowess of a mighty hero.
You block the death cob's attack. x2
The death cob hits you but does no damage.
The orc priest hits you but does no damage.
The death cob hits you!
* * * LOW HITPOINT WARNING * * *
You closely miss the death cob. Your headbutt misses the death cob.
The death cob is severely damaged.
You slash the cyclops! The death cob hits you!!
* * * LOW HITPOINT WARNING * * *
The death cob drains your vigour!
You feel as though you will be slow longer.
You block the death cob's attack.
The death cob hits you but does no damage.
You miss the death cob. Your headbutt misses the death cob.
The death cob is severely damaged.
You slash the orc priest!
You kill the orc priest!
Okawaru accepts your kill.
You hit the cyclops but do no damage. The death cob hits you!
You die...

#......# .......+
.......+ #......#
.......# ''###### ''#
######## ##### ..#
##......###..)##
..###.†#+#......@C.#
..##..##.##.....#z..#
†.##.##...##...###..#
..####.....##÷## #.#
...##......#...# ..#
....†......+...+ .'.
...##......#...# #..
..####.....##.## #.
..##.##...##...##


You could see a death cob and a cyclops.

Vanquished Creatures
  A two-headed ogre (D)
  A death yak (D)
  A flayed ghost (D)
  A deep troll (D)
  An orc knight (D)
  A deep elf zephyrmancer (D)
  A cyclops (D)
  A cane toad (D)
  A komodo dragon (D)
  A troll (D)
  3 blink frogs (D)
  2 flying skulls (D)
  A shadow (D)
  A fire bat (D)
  A water moccasin (D)
  2 floating eyes (D)
  An orc warrior (D)
  A black bear (D)
  An ogre (D)
  A bullfrog (D)
  A scorpion (D)
  3 killer bees (D)
  5 wights (D)
  A quasit (D)
  An orc priest (D)
  A gnoll shaman (D)
  An iguana (D)
  3 gnolls (D)
  A river rat (D)
  An adder skeleton (D)
  An orc (D)
  2 bats (D)
  3 endoplasms (D)
  A kobold (D)
  A ball python (D)
  4 frilled lizards (D)
  A quokka skeleton (D)
  2 rats (D)
57 creatures vanquished.

Notes
Turn   | Place    | Note
-------+----------+-------------------------------------------
     0 | D        | boopmooplesden the Minotaur Fighter began the quest for the
                  | Orb.
     0 | D        | Reached XP level 1. HP: 19/19 MP: 0/0
    43 | D        | Found a glowing golden altar of the Shining One.
    43 | D        | Found a glowing silver altar of Zin.
    43 | D        | Found a basalt altar of Yredelemnul.
    43 | D        | Found a shimmering altar of Xom.
    43 | D        | Found an ornate altar of the Wu Jian Council.
    43 | D        | Found a bloodstained altar of Trog.
    43 | D        | Found a shimmering blue altar of Sif Muna.
    43 | D        | Found a sacrificial altar of Ru.
    43 | D        | Found a stormy altar of Qazlal.
    43 | D        | Found an iron altar of Okawaru.
    43 | D        | Found a sparkling altar of Nemelex Xobeh.
    43 | D        | Found a burning altar of Makhleb.
    43 | D        | Found a viscous altar of Jiyva.
    43 | D        | Found a hazy altar of Hepliaklqana.
    43 | D        | Found an opulent altar of Gozag.
    43 | D        | Found a blossoming altar of Fedhas.
    43 | D        | Found a white marble altar of Elyvilon.
    43 | D        | Found a shadowy altar of Dithmenos.
    43 | D        | Found a snail-covered altar of Cheibriados.
    45 | D        | Found a radiant altar of Vehumet.
    45 | D        | Found a corrupted altar of Lugonu.
    46 | D        | Found a hide-covered altar of Uskayaw.
    46 | D        | Found an ancient bone altar of Kikubaaqudgha.
    46 | D        | Found a broken altar of Ashenzari.
    50 | D        | Became a worshipper of Warmaster Okawaru
    62 | D        | Noticed a floating eye
    66 | D        | Killed a floating eye
    66 | D        | Reached * piety under Okawaru
    66 | D        | Reached ** piety under Okawaru
    67 | D        | Reached skill level 4 in Axes
    67 | D        | Reached XP level 2. HP: 34/34 MP: 1/1
    67 | D        | Reached XP level 3. HP: 39/39 MP: 2/2
    67 | D        | Reached XP level 4. HP: 47/47 MP: 3/3
    84 | D        | Noticed a scorpion
    88 | D        | Killed a scorpion
    89 | D        | Reached XP level 5. HP: 48/53 MP: 4/4
   156 | D        | Noticed a floating eye
   164 | D        | Reached skill level 5 in Axes
   173 | D        | Paralysed by a floating eye for 4 turns
   174 | D        | Reached XP level 6. HP: 54/63 MP: 3/5
   179 | D        | Paralysed by a floating eye for 4 turns
   186 | D        | Reached skill level 6 in Axes
   187 | D        | Paralysed by a floating eye for 4 turns
   193 | D        | Paralysed by a floating eye for 3 turns
   198 | D        | Paralysed by a floating eye for 4 turns
   205 | D        | Paralysed by a floating eye for 3 turns
   215 | D        | Killed a floating eye
   215 | D        | Reached *** piety under Okawaru
   216 | D        | Reached skill level 7 in Axes
   216 | D        | Reached skill level 10 in Shields
   223 | D        | Reached skill level 10 in Fighting
   223 | D        | Reached skill level 10 in Armour
   246 | D        | Reached skill level 1 in Dodging
   246 | D        | Reached XP level 7. HP: 68/72 MP: 6/6
   247 | D        | Noticed a cyclops
   251 | D        | Killed a cyclops
   251 | D        | Reached **** piety under Okawaru
   252 | D        | Reached skill level 9 in Axes
   253 | D        | Noticed a fire bat
   265 | D        | Reached XP level 8. HP: 22/82 MP: 7/7
   534 | D        | Noticed a two-headed ogre
   534 | D        | Noticed a deep elf zephyrmancer
   544 | D        | Killed a two-headed ogre
   545 | D        | Reached skill level 11 in Axes
   545 | D        | Reached skill level 1 in Invocations
   546 | D        | Reached ***** piety under Okawaru
   553 | D        | Killed a deep elf zephyrmancer
   554 | D        | Reached skill level 12 in Axes
   554 | D        | Reached XP level 9. HP: 61/90 MP: 6/9
   768 | D        | Noticed a death yak
   781 | D        | Killed a death yak
   781 | D        | Received a gift from Okawaru
   781 | D        | Found the +11 plutonium sword {Contam Stlth-}
   782 | D        | Reached skill level 13 in Axes
   890 | D        | Noticed a deep troll
   890 | D        | Noticed a komodo dragon
   890 | D        | Noticed a cane toad
   899 | D        | Killed a deep troll
   900 | D        | Reached skill level 14 in Axes
   916 | D        | Killed a cane toad
   917 | D        | Reached XP level 10. HP: 86/101 MP: 10/10
   924 | D        | Reached skill level 15 in Axes
   973 | D        | Noticed an orc knight
   989 | D        | Killed an orc knight
   990 | D        | Reached skill level 16 in Axes
  1018 | D        | Reached ****** piety under Okawaru
  1018 | D        | Received a gift from Okawaru
  1248 | D        | Noticed a flayed ghost
  1255 | D        | Killed a flayed ghost
  1256 | D        | Reached skill level 15 in Shields
  1270 | D        | Noticed a cyclops
  1270 | D        | Noticed a death cob
  1275 | D        | HP: 3/103 [death cob (18)]
  1276 | D        | Slain by a death cob

Illustrated notes

Levels and vault maps discovered:
D:        pitsprint [storerooms_1, entrance_room_1, metal_vault_3, armoury_2,
          mini_pit_1, grid_room_1, main_hall_1, silver_pit, the_coven_1,
          the_vestibule_1, steel_vault_2, golden_pit, hallway_of_sentries,
          crystal_vault_2, iron_vault_3, final_vault]

Skill      XL: |  1  2  3  4  5  6  7  8  9 10 |
---------------+-------------------------------+-----
Fighting       | 7 8 9 10 11 12 13 14 | 14.2
Armour         | 6 8 9 10 12 13 | 13.6
Shields        | 6 7 9 10 11 13 15 | 15.1
Axes           | 4 5 7 9 12 14 16 | 16.8
Dodging        | 1 2 3 |  3.7
Invocations    | 1 2 |  2.4

Action                   |  1- 3 |  4- 6 |  7- 9 | 10-12 || total
-------------------------+-------+-------+-------+-------++-------
Melee: Hand axe          |     3 |    52 |       |       ||    55
       War axe           |     3 |     2 |    33 |       ||    38
       Headbutt          |     2 |    11 |     9 |    12 ||    34
       Broad axe         |       |       |    35 |    72 ||   107
Invok: Heroism           |       |     2 |     1 |     2 ||     5
  Use: Potion            |       |       |     1 |       ||     1
Armor: Scale mail        |     5 |     3 |       |       ||     8
       Plate armour      |       |    69 |    25 |    20 ||   114
Dodge: Dodged            |     3 |    26 |    11 |    12 ||    52
Block: Kite shield       |     1 |    48 |    32 |    47 ||   128
